 Dungeon Crawl Stone Soup version 0.28.0-45-g0d030f2227 (webtiles) character file.

Game seed: 322944646500692393

42 Zeld the Poker (level 3, 30/30 HPs)
             Began as a Merfolk Berserker on Apr 11, 2022.
             Was a Believer of Trog.
             Quit the game on level 2 of the Dungeon.
             The game lasted 00:01:21 (1453 turns).

Zeld the Poker (Merfolk Berserker)                  Turns: 1453, Time: 00:01:21

Health: 30/30      AC:  3    Str: 19    XL:     3   Next: 56%
Magic:  3/3        EV: 13    Int:  6    God:    Trog [**....]
Gold:   26         SH:  0    Dex: 13    Spells: 2/2 levels left

rFire   . . .      SeeInvis .   a - +0 spear
rCold   . . .      Faith    .   (no shield)
rNeg    . . .      Spirit   .   b - +0 animal skin
rPois   .          Reflect  .   (no helmet)
rElec   .          Harm     .   (no cloak)
rCorr   .          Rampage  .   g - +0 pair of gloves
Will    .....                   (no boots)
Stlth   +.........              (no amulet)
HPRegen 0.10/turn               (no ring)
MPRegen 0.08/turn               (no ring)

@: no status effects
A: (nimble swimmer 2), mertail
a: Renounce Religion, Berserk, Trog's Hand


You were on level 2 of the Dungeon.
You worshipped Trog.
Trog was pleased with you.
You visited 1 branch of the dungeon, and saw 2 of its levels.

You collected 26 gold pieces.

Inventory:

Hand Weapons
 a - a +0 spear (weapon)
Armour
 b - a +0 animal skin (worn)
 g - a +0 pair of gloves (worn)
Scrolls
 c - 2 scrolls of amnesia {unknown}
 d - a scroll of immolation {unknown}
 e - a scroll of vulnerability {unknown}
 f - 2 scrolls of identify {unknown}
 i - a scroll of teleportation {unknown}
Potions
 h - a potion of cancellation {unknown}
 j - a potion of attraction {unknown}


   Skills:
 * Level 3.7 Fighting
 * Level 5.3 Polearms
 + Level 1.7 Armour
 + Level 3.2 Dodging


You had 2 spell levels left.
You didn't know any spells.
Your spell library was empty.

Dungeon Overview and Level Annotations

Branches:
Dungeon (1/15)

Altars:


Innate Abilities, Weirdness & Mutations

((You are very nimble when in or above water. (Stealth+, EV+, Speed+++)))
Your lower body shifts to a powerful aquatic tail in water.


Message History

The kobold closely misses you.
You closely miss the kobold.
The kobold is severely wounded.
You hit the kobold but do no damage.
The kobold is severely wounded.
The kobold hits you with a +0 short sword.
You closely miss the kobold.
The kobold is severely wounded.
The kobold hits you with a +0 short sword.
The kobold hits you with a +0 short sword.
The goblin hits you but does no damage.
You hit the goblin.
You kill the goblin!
Trog accepts your kill.
The kobold hits you with a +0 short sword.
You hit the kobold.
You kill the kobold!
Trog accepts your kill.
You can now call upon Trog for regeneration and willpower.
The hobgoblin hits you.
You closely miss the hobgoblin.
You are too injured to fight recklessly!
You are too injured to fight recklessly!
You hit the hobgoblin.
You kill the hobgoblin!
Trog accepts your kill.
You are too injured to fight recklessly!
j - a lumpy coppery potion
Things that are here:
a +0 dagger; a hobgoblin corpse You are too injured to fight recklessly!
Key pressed, stopping explore.
Things that are here:
a +0 short sword; 3 stones You open the door.
There is an open door here.
An endoplasm and a goblin come into view.
Found 11 gold pieces.
The goblin shouts!
Are you sure you want to abandon this character and quit the game? (Confirm with "yes".)

## #.. #.# #.# #
##########.####
###
....$..@......###
..#
#####..##...#....
#.# .....#.....#
#.#
#.###J##...#####.#
#.# # #.
##........# #.# #g
#.######## #.# ..
#.# ..# #### ##'##
### ## .# ##...##


You could see an endoplasm and a goblin.

Vanquished Creatures
  An adder (D:2)
  3 endoplasms
  A giant cockroach (D:1)
  5 goblins
  3 hobgoblins
  3 jackals (D:1)
  A quokka (D:2)
  A ball python (D:1)
  4 bats
  A frilled lizard (D:1)
  3 kobolds
  3 rats (D:1)
  A spectral kobold (D:1)
30 creatures vanquished.

Notes
Turn   | Place    | Note
-------+----------+-------------------------------------------
     0 | D:1      | Zeld the Merfolk Berserker began the quest for the Orb.
     0 | D:1      | Reached XP level 1. HP: 18/18 MP: 1/1
     2 | D:1      | Noticed an ogre
     2 | D:1      | Noticed a demigod
     4 | D:1      | Noticed a dwarf
     4 | D:1      | Noticed an octopode
     6 | D:1      | Noticed a minotaur
     8 | D:1      | Noticed a troll
     8 | D:1      | Noticed a draconian
    10 | D:1      | Noticed a vine stalker
    12 | D:1      | Noticed a human
    12 | D:1      | Noticed a spriggan
    14 | D:1      | Noticed a vampire
    16 | D:1      | Noticed a felid
    16 | D:1      | Noticed a tengu
    18 | D:1      | Noticed an elf
    18 | D:1      | Noticed a naga
    22 | D:1      | Noticed a formicid
    22 | D:1      | Noticed a merfolk
    24 | D:1      | Noticed a demonspawn
    24 | D:1      | Noticed a gargoyle
    26 | D:1      | Noticed a ghoul
   313 | D:1      | Reached XP level 2. HP: 13/24 MP: 2/2
   518 | D:1      | Found a faded altar of an unknown god.
   769 | D:1      | Reached skill level 5 in Polearms
   884 | D:1      | You fall into a shaft and drop 1 floor!
   923 | D:2      | Reached XP level 3. HP: 19/30 MP: 3/3
  1282 | D:2      | Reached ** piety under Trog
  1453 | D:2      | Quit the game

Illustrated notes

Levels and vault maps discovered:
D:1:      kb_arrival_jail, layout_basic,
          dreamdust_ecumenical_altar_drowned_temple
D:2:      layout_loops_corners, uniq_jessica

Skill      XL: |  1  2 |
---------------+-------+-----
Dodging        | 3 |  3.2
Polearms       | 5 |  5.3
Fighting       | |  3.7
Armour         | |  1.7

Action                   || total
-------------------------++-------
Melee: Spear             ||    84
Invok: Berserk           ||     1
 Stab: Sleeping          ||     4
Armor: Animal skin       ||    17
Dodge: Dodged            ||    24
